 Dungeon Crawl Stone Soup version 0.27-a0-972-gd1521fd518 (webtiles) character file.

Game seed: 12001890115101520150

861 robertstho the Covert (level 8, -10/55 HPs)
             Began as an Octopode Berserker on Apr 13, 2021.
             Was a Priest of Trog.
             Mangled by a gnoll sergeant
             ... wielding a +1 spear of venom
              (14 damage)
             ... on level 4 of the Dungeon.
             The game lasted 00:04:58 (3515 turns).

robertstho the Covert (Octopode Berserker)          Turns: 3515, Time: 00:04:58

Health: -10/55     AC:  1    Str: 17    XL:     8   Next: 2%
Magic:  8/8        EV:  7    Int:  9    God:    Trog [***...]
Gold:   126        SH:  0    Dex: 13    Spells: 7/7 levels left

rFire    . . .     SeeInvis .   g - +2 short sword (vamp)
rCold    . . .     Faith    .   p - +0 buckler
rNeg     . . .     Spirit   .   (helmet restricted)
rPois    .         Reflect  .   (no amulet)
rElec    .         Harm     .   (no ring)
rCorr    .         Rampage  .   (no ring)
Will     .....                  (no ring)
Stlth    +++++.....             (no ring)
HPRegen  0.18/turn              (no ring)
MPRegen  0.11/turn              (no ring)
                                (no ring)
                                (no ring)

@: held
A: almost no armour, amphibious, 8 rings, camouflage 1, gelatinous body 1,
(nimble swimmer 1), tentacles
a: Renounce Religion, Berserk, Trog's Hand


You were on level 4 of the Dungeon.
You worshipped Trog.
Trog was most pleased with you.
You visited 1 branch of the dungeon, and saw 4 of its levels.
You also visited: Sewer.

You collected 126 gold pieces.

Inventory:

Hand Weapons
 a - a +0 falchion
 g - a +2 vampiric short sword (weapon)
 j - a +1 short sword of flaming
Armour
 p - a +0 buckler (worn)
Scrolls
 c - 5 scrolls of teleportation
 d - a scroll of enchant armour
 h - a scroll of immolation {unknown}
 i - a scroll of identify {unknown}
 k - a scroll of fear {unknown}
 l - 2 scrolls of fog
 q - a scroll of blinking
Potions
 b - 2 potions of curing {unknown}
 e - a potion of might {unknown}
 f - a potion of attraction {unknown}
 m - 5 potions of flight {unknown}
 n - a potion of degeneration {unknown}
 o - a potion of mutation {unknown}


   Skills:
 * Level 5.1 Fighting
 + Level 2.1(3.5) Short Blades
 + Level 4.4(4.7) Long Blades
 + Level 3.8 Dodging
 * Level 8.4 Stealth


You had 7 spell levels left.
You didn't know any spells.
Your spell library was empty.

Dungeon Overview and Level Annotations

Branches:
Dungeon (4/15)              Sewer (visited)
 Temple: D:4-7

Altars:

Shops:
D:3 =


Innate Abilities, Weirdness & Mutations

You cannot wear most types of armour.
You are amphibious.
You can wear up to eight rings at the same time.
Your skin changes colour to match your surroundings (Stealth+).
Your rubbery body absorbs attacks. (AC +1, EV +1)
((You are camouflaged near water. (Stealth+)))
You have tentacles for arms and can constrict up to eight enemies at once.


Message History

You hit the gnoll but do no damage.
The gnoll is lightly wounded.
You constrict the gnoll. The gnoll barely misses you.
The gnoll sergeant hits you from afar with a +1 spear of venom!
You are poisoned.
Unknown command.
You release your grip on the gnoll.
You feel sick.
You see here a scroll of blinking.
q - a scroll of blinking You feel sick.
The gnoll sergeant hits you from afar with a +1 spear of venom!
You are more poisoned.
The gnoll barely misses you.
You feel sick.
The gnoll throws a throwing net.
The throwing net closely misses you.
You feel sick.
You feel sick.
You see here a throwing net.
You feel sick.
You feel sick. The gnoll closely misses you.
You feel sick.
You feel sick.
You feel sick.
You are no longer poisoned.
There is an open door here.
The gnoll throws a throwing net.
The throwing net hits you.
You become entangled in the net!
You see here a throwing net.
You struggle against the net.
The gnoll hits you from afar with a +0 spear!
* * * LOW HITPOINT WARNING * * *
You struggle against the net.
The gnoll hits you from afar with a +0 spear!
* * * LOW HITPOINT WARNING * * *
You struggle against the net.
You struggle against the net.
The gnoll shouts!
You struggle against the net.
The gnoll sergeant hits you from afar with a +1 spear of venom!
You die...

#####(####'###.#.# #.# #.#
#..# ggg............#.#
#.# #.# #.<#
.g..........g..#.# #.# #.#
#.### .##########≈≈....#
#.# #.# #..<# .
#≈≈≈≈†≈≈#≈≈≈g..# #.# #.#
##### .##≈#######≈#.g.>#
#.# #)# ##≈≈†≈≈≈≈≈#≈≈≈gg.#
#.# #.# ########≈#≈#≈..g#
#.# #.#
#≈##≈≈≈≈≈#≈≈≈≈.@###.####.#
#≈≈≈≈#≈#≈#≈#≈............#
######≈#≈#≈#≈..####.######
#.≈≈≈≈≈#≈≈≈#....# #.#
############....# #.#
#..)..........# #.#
#.#+####......# #.# #
#......# #.. #......# ###


You could see a gnoll sergeant and 5 gnolls.

Vanquished Creatures
  Pikel (D:4)
  An ogre (D:4)
  A lemure (D:4)
  A hound (D:4)
  Crazy Yiuf (D:2)
  Terence (D:2)
  2 gnolls (D:2)
  4 adders
  5 river rats (D:4)
  8 worms
  A dart slug (D:1)
  9 orcs
  14 bats
  9 endoplasms
  6 giant cockroaches
  3 goblins
  5 hobgoblins
  9 jackals
  3 quokkas
  6 ball pythons
  7 frilled lizards
  6 kobolds
  8 rats
111 creatures vanquished.

Vanquished Creatures (others)
  2 fungi (D:2)
2 creatures vanquished.

Grand Total: 113 creatures vanquished

Notes
Turn   | Place    | Note
-------+----------+-------------------------------------------
     0 | D:1      | robertstho the Octopode Berserker began the quest for the
                  | Orb.
     0 | D:1      | Reached XP level 1. HP: 16/16 MP: 1/1
   229 | D:1      | Reached XP level 2. HP: 21/21 MP: 2/2
   308 | D:1      | Reached skill level 1 in Stealth
   679 | D:2      | Found a faded altar of an unknown god.
   686 | D:2      | Reached XP level 3. HP: 21/26 MP: 3/3
  1026 | D:2      | Reached ** piety under Trog
  1061 | D:2      | Noticed Terence
  1068 | D:2      | Killed Terence
  1069 | D:2      | Reached skill level 2 in Stealth
  1069 | D:2      | Reached XP level 4. HP: 33/33 MP: 4/4
  1361 | D:2      | Reached skill level 3 in Stealth
  1383 | D:2      | Reached XP level 5. HP: 37/37 MP: 5/5
  1624 | D:2      | Found a runed translucent door.
  1625 | D:2      | Noticed Crazy Yiuf
  1631 | D:2      | Killed Crazy Yiuf
  1883 | D:3      | Found Bapeydghi's Jewellery Shop.
  2153 | D:3      | Reached skill level 4 in Stealth
  2445 | D:4      | Reached *** piety under Trog
  2538 | D:4      | Noticed a lemure
  2542 | D:4      | Noticed Pikel
  2543 | D:4      | Noticed a lemure
  2546 | D:4      | Noticed a lemure
  2568 | D:4      | Killed a lemure
  2572 | D:4      | Reached XP level 6. HP: 39/43 MP: 6/6
  2575 | D:4      | Killed Pikel
  2576 | D:4      | Reached skill level 1 in Short Blades
  2576 | D:4      | Reached skill level 7 in Stealth
  2576 | D:4      | Reached XP level 7. HP: 32/49 MP: 7/7
  2734 | D:4      | Reached skill level 5 in Fighting
  2763 | D:4      | Reached skill level 8 in Stealth
  2774 | D:4      | Found a glowing drain.
  2786 | Sewer    | Entered a sewer
  3385 | D:4      | Reached XP level 8. HP: 50/55 MP: 8/8
  3515 | D:4      | Mangled by a gnoll sergeant

Illustrated notes

Levels and vault maps discovered:
D:1:      zaba_arrival_water, layout_rooms
D:2:      layout_rooms, hellmonk_ecumenical_altar_dog_temple,
          lemuel_another_geyser, uniq_crazy_yiuf_cottage, uniq_terence
D:3:      layout_loops_ring, serial_shops, shop
D:4:      layout_basic, lemuel_coloured_pillars_altar,
          lightli_sewer_entry_pipes, chequers_decorated_corner, uniq_pikel

Skill      XL: |  1  2  3  4  5  6  7 |
---------------+----------------------+-----
Stealth        | 1 2 3 4 7 8 |  8.4
Fighting       | 4 5 |  5.1
Long Blades    | 4 |  4.4
Short Blades   | 1 2 |  2.1
Dodging        | |  3.8

Action                   |  1- 3 |  4- 6 |  7- 9 || total
-------------------------+-------+-------+-------++-------
Melee: Falchion          |    46 |    37 |       ||    83
       Tentacles         |    12 |    19 |    15 ||    46
       Constrict         |    16 |    25 |    15 ||    56
       Short sword       |       |    39 |    76 ||   115
Invok: Berserk           |     2 |     3 |       ||     5
       Trog's Hand       |       |     1 |       ||     1
  Use: Scroll            |     4 |     1 |       ||     5
 Stab: Sleeping          |     3 |    11 |    16 ||    30
       Distracted        |       |     1 |       ||     1
Armor: Skin              |     5 |     4 |     3 ||    12
Dodge: Dodged            |    38 |    42 |    49 ||   129
Block: Buckler           |       |       |     3 ||     3
       Rpst.: Falchion   |    11 |    10 |       ||    21

Table legend: (Time is in decaauts)
 A = Elapsed time spent in this place.
 B = Non-inter-level travel time spent in this place.
 C = Inter-level travel time spent in this place.
 D = Time resting spent in this place.
 E = Time spent auto-exploring this place.
 F = Levels seen in this place.
 G = Mean time per level.
                   A        B        C        D        E       F      G
               +--------+--------+--------+--------+--------+-----+--------+
         Total |   3576 |   3504 |     72 |    352 |   2473 |   5 |  715.2 |
       Dungeon |   2997 |   2925 |     72 |    352 |   2034 |   4 |  749.2 |
         Sewer |    579 |    579 |      0 |      0 |    439 |   1 |  579.0 |
               +--------+--------+--------+--------+--------+-----+--------+

Top non-repeatable levels by time:
     D:1: 995 daAuts
     D:3: 754 daAuts
     D:2: 732 daAuts
   Sewer: 579 daAuts
     D:4: 515 daAuts
